 Dungeon Crawl Stone Soup version 0.29-a0-520-gc852659d43 (webtiles) character file.

Game seed: 12017633441258990647

4094 kae the Firebug (level 9, -1/73 HPs)
             Began as a Demigod Fire Elementalist on May 31, 2022.
             Slain by a white imp (3 damage)
             ... on level 7 of the Dungeon.
             The game lasted 00:08:15 (11008 turns).

kae the Firebug (Demigod Fire Elementalist)        Turns: 11008, Time: 00:08:15

Health: -1/73      AC:  6    Str: 15    XL:     9   Next: 77%
Magic:  6/19       EV: 14    Int: 29    God:
Gold:   320        SH:  0    Dex: 14    Spells: 4/17 levels left

rFire   + . .      SeeInvis .   r - +0 short sword (drain)
rCold   . . .      Faith    .   (no shield)
rNeg    . . .      Spirit   .   v - +2 robe {rF+}
rPois   .          Reflect  .   s - +1 helmet
rElec   .          Harm     .   (no cloak)
rCorr   .          Rampage  .   (no gloves)
Will    .....                   (no boots)
Stlth   ++........              (no amulet)
HPRegen 0.22/turn               h - ring of flight
MPRegen 0.16/turn               k - +6 ring of strength

@: flying
A: high MP 1, forlorn, divine attributes
a: no special abilities


You were on level 7 of the Dungeon.
You visited 1 branch of the dungeon, and saw 7 of its levels.

You collected 320 gold pieces.

Inventory:

Hand Weapons
 f - a +0 hand axe
 r - a +0 short sword of draining (weapon)
Armour
 a - a +1 robe
 s - a +1 helmet (worn)
 v - a +2 robe of fire resistance (worn)
Jewellery
 h - a ring of flight (left hand)
 k - a +6 ring of strength (right hand)
 t - an amulet of magic regeneration
 w - a +6 ring of dexterity
Wands
 n - a wand of polymorph (5)
 p - a wand of paralysis (6)
 q - a wand of iceblast (8)
Scrolls
 d - 2 scrolls of teleportation
 l - a scroll of amnesia
Potions
 b - a potion of magic
 c - 4 potions of curing
 e - 3 potions of invisibility
 g - 3 potions of flight {unknown}
 i - 4 potions of heal wounds {unknown}
 j - 2 potions of lignification {unknown}
 m - a potion of cancellation {unknown}
 o - 2 potions of mutation {unknown}
 u - 2 potions of brilliance {unknown}


   Skills:
 + Level 4.8 Fighting
 + Level 5.3 Dodging
 - Level 1.7 Stealth
 + Level 4.8 Spellcasting
 * Level 7.1 Conjurations
 * Level 7.6 Fire Magic


You had 4 spell levels left.
You knew the following spells:

 Your Spells              Type           Power      Damage    Failure   Level
a - Foxfire               Conj/Fire      100%       2x1d9     1%          1
b - Scorch                Fire           100%       2d10      1%          2
c - Conjure Flame         Conj/Fire      50%        6-21      1%          3
d - Inner Flame           Hex/Fire       29%        N/A       4%          3
e - Flame Wave            Conj/Fire      50%        2d10      3%          4

Your spell library contained the following spells:

 Spells                   Type           Power      Damage    Failure   Level
 Necrotize                Necr           28%        1d5       6%          1
 Vampiric Draining        Necr           7%         2d6       19%         3
 Agony                    Necr           7%         N/A       87%         5


Dungeon Overview and Level Annotations

Branches:
Dungeon (7/15)             Temple (0/1) D:6

Annotations:
D:4 Duvessa


Innate Abilities, Weirdness & Mutations

You have an increased reservoir of magic. (+10% MP)
You shall have no god before yourself.
Your divine heritage dramatically boosts your attributes as you level up.


Message History

Casting: Foxfire (safe; 1% risk of failure)
Confirm with . or Enter, or press ? or * to list all spells.
You conjure some foxfire!
Something hits you!
The foxfire hits the white imp but does no damage.
Something barely misses you.
There are monsters nearby!
Casting: Foxfire (safe; 1% risk of failure)
Confirm with . or Enter, or press ? or * to list all spells.
Nothing appears to happen.
Something hits you but does no damage. x2
The white imp closely misses you. Something hits you. x2
The white imp hits you but does no damage.
Your foxfire dissipates!
You barely miss the white imp. The white imp gestures at you.
The puff of frost hits you.
Casting: Foxfire (safe; 1% risk of failure)
Confirm with . or Enter, or press ? or * to list all spells.
The fire begins to smoulder!
The white imp hits you. The white imp freezes you.
Casting: Conjure Flame (safe; 1% risk of failure)
Confirm with . or Enter, or press ? or * to list all spells.
The fire ignites!
You are engulfed in blazing flames.
You resist. The white imp gestures at you. The puff of frost misses you.
You hear a sizzling sound!
The orc warrior hits you from afar with a +0 halberd!
The white imp gestures at you. The puff of frost hits you!
* * * LOW HITPOINT WARNING * * *
Casting: Conjure Flame (safe; 1% risk of failure)
Confirm with . or Enter, or press ? or * to list all spells.
The fire begins to smoulder!
Casting: Conjure Flame (safe; 1% risk of failure)
Confirm with . or Enter, or press ? or * to list all spells.
The fire ignites!
You are engulfed in blazing flames.
You resist.
* * * LOW HITPOINT WARNING * * *
The white imp hits you.
* * * LOW HITPOINT WARNING * * *
The white imp freezes you.
You die...

#.# #........##..........#
#..##........##..........#
#..#........##..........#
###..........##..........#
#$##.........##..........#
##..#........###..........#
#...#†.####..# ######'#####
#.).†..# #..########.#
#...#..# #.>o.5@...(.#
..).#.^# #############
...##.## ..##..# .##..##
##..## ...## ####


You could see an orc warrior and a white imp.

Vanquished Creatures
  A two-headed ogre (D:6)
  Pikel (D:6)
  Eustachio (D:6)
  A vampire mosquito (D:7)
  Menkaure (D:4)
  4 water moccasins
  Edmund (D:6)
  2 black bears
  A sky beast (D:7)
  An orc warrior (D:7)
  3 ogres
  A centaur (D:7)
  3 phantoms
  Blork the orc (D:6)
  A lemure (D:6)
  4 bullfrogs (D:7)
  A necrophage (D:6)
  4 scorpions
  3 hounds
  A jelly (D:6)
  An orc priest (D:7)
  A gnoll shaman (D:7)
  7 iguanas
  An orc wizard (D:7)
  8 adders
  8 gnolls
  2 shadow imps (D:7)
  An ufetubus (D:7)
  2 worms
  4 orcs (D:7)
  3 bats
  3 endoplasms
  4 giant cockroaches
  7 goblins
  5 hobgoblins
  4 jackals (D:1)
  3 quokkas
  6 ball pythons
  3 frilled lizards
  2 kobolds (D:2)
  7 rats
118 creatures vanquished.

Vanquished Creatures (others)
  368 foxfires
368 creatures vanquished.

Grand Total: 486 creatures vanquished

Notes
Turn   | Place    | Note
-------+----------+-------------------------------------------
     0 | D:1      | kae the Demigod Fire Elementalist began the quest for the
                  | Orb.
     0 | D:1      | Reached XP level 1. HP: 14/14 MP: 5/5
     6 | D:1      | Noticed a hog
     6 | D:1      | Noticed a polar bear
     6 | D:1      | Noticed a wyvern
     6 | D:1      | Noticed a snapping turtle
    65 | D:1      | Reached skill level 1 in Conjurations
   383 | D:1      | Reached XP level 2. HP: 20/20 MP: 4/7
  1357 | D:2      | Reached XP level 3. HP: 26/27 MP: 3/8
  1573 | D:2      | Reached skill level 1 in Fighting
  1796 | D:2      | Reached XP level 4. HP: 29/35 MP: 4/9
  2146 | D:3      | Learned a level 2 spell: Scorch
  2150 | D:3      | Learned a level 3 spell: Conjure Flame
  3006 | D:4      | Reached XP level 5. HP: 29/40 MP: 5/11
  3117 | D:4      | Noticed Menkaure
  3128 | D:4      | Killed Menkaure
  3411 | D:4      | Reached XP level 6. HP: 29/48 MP: 7/12
  4075 | D:4      | Noticed Duvessa
  4327 | D:5      | Entered Level 5 of the Dungeon
  4598 | D:4      | Reached XP level 7. HP: 11/56 MP: 7/14
  5613 | D:5      | Reached skill level 5 in Fire Magic
  5805 | D:6      | Noticed Pikel
  5903 | D:6      | Found a staircase to the Ecumenical Temple.
  6411 | D:6      | Reached XP level 8. HP: 63/63 MP: 8/16
  6524 | D:6      | Killed Pikel
  6525 | D:6      | Reached skill level 5 in Conjurations
  6668 | D:6      | Noticed Edmund
  6678 | D:6      | Killed Edmund
  6916 | D:6      | Noticed Eustachio
  7022 | D:6      | Noticed Blork the orc
  7044 | D:6      | Killed Blork the orc
  7509 | D:7      | Noticed a two-headed ogre
  7854 | D:7      | Reached XP level 9. HP: 33/71 MP: 7/18
  8299 | D:7      | Noticed a four-headed hydra
  8299 | D:7      | Noticed a cyclops
  8299 | D:7      | Found the dreamshard necklace {*Dream Drain}
  8299 | D:7      | Noticed a cyclops
  8829 | D:7      | Reached skill level 5 in Dodging
  9303 | D:5      | Learned a level 4 spell: Flame Wave
  9307 | D:5      | Learned a level 3 spell: Inner Flame
  9324 | D:6      | Killed Eustachio
  9977 | D:6      | Killed a two-headed ogre
 10714 | D:6      | Found a staircase to the Ecumenical Temple.
 11008 | D:7      | HP: 2/73 [white imp (3)]
 11008 | D:7      | Slain by a white imp

Illustrated notes

Levels and vault maps discovered:
D:1:      onia_arrival_zoo_common, layout_loops_ring, basic_ecumenical_altar
D:2:      layout_rooms, serial_bayou_crossing
D:3:      layout_loops_ring
D:4:      layout_gridville, chequers_temple_overflow_statue_of_worship,
          lemuel_old_faithful, uniq_menkaure, uniq_duvessa
D:5:      layout_loops_ring, ashenzari_conservatory_becter
D:6:      layout_loops_cross, minmay_temple_entry_antechambers, uniq_eustachio,
          uniq_edmund, uniq_pikel, uniq_blork_the_orc
D:7:      minmay_the_grid_octo_tiled_octocenter
          [minmay_the_grid_octo_vomiting_pacman,
          minmay_the_grid_octo_fan_narrow, minmay_the_grid_octo_toaster,
          minmay_the_grid_octo_tetromino_candy, minmay_the_grid_octo_prize_star,
          minmay_the_grid_square_5x5_percent,
          minmay_the_grid_square_5x5_half_checkered,
          minmay_the_grid_square_5x5_bridge, minmay_the_grid_square_5x5_bite],
          layout_basic

Skill      XL: |  1  2  3  4  5  6  7  8  9 |
---------------+----------------------------+-----
Conjurations   | 1 2 3 4 6 7 |  7.1
Dodging        | 2 3 4 5 |  5.3
Fire Magic     | 3 4 5 6 7 |  7.6
Spellcasting   | 2 3 4 |  4.8
Fighting       | 1 2 3 4 |  4.8
Stealth        | |  1.7

Action                   |  1- 3 |  4- 6 |  7- 9 || total
-------------------------+-------+-------+-------++-------
Melee: Hand axe          |       |    15 |       ||    15
       Short sword       |       |       |    21 ||    21
 Cast: Foxfire           |    70 |    77 |    76 ||   223
       Scorch            |       |    16 |    92 ||   108
       Conjure Flame     |       |       |    14 ||    14
       Flame Wave        |       |       |     1 ||     1
  Use: Scroll            |     3 |     9 |     5 ||    17
Armor: Robe              |     3 |    12 |    45 ||    60
Dodge: Dodged            |    19 |    53 |   149 ||   221

Table legend: (Time is in decaauts)
 A = Elapsed time spent in this place.
 B = Non-inter-level travel time spent in this place.
 C = Inter-level travel time spent in this place.
 D = Time resting spent in this place.
 E = Time spent auto-exploring this place.
 F = Levels seen in this place.
 G = Mean time per level.
                   A        B        C        D        E       F      G
               +--------+--------+--------+--------+--------+-----+--------+
         Total |  11027 |  10721 |    306 |   1451 |   7855 |   7 | 1575.3 |
       Dungeon |  11027 |  10721 |    306 |   1451 |   7855 |   7 | 1575.3 |
               +--------+--------+--------+--------+--------+-----+--------+

Top non-repeatable levels by time:
     D:6: 3087 daAuts
     D:7: 1886 daAuts
     D:4: 1860 daAuts
     D:5: 1337 daAuts
     D:2: 1206 daAuts
     D:1: 873 daAuts
     D:3: 775 daAuts
